AoeStats
← aitorpevi

Arena

511018982Analyzed
3v3 RM · 6h ago on Oct 3, 2026· 41m 50s· 6 players
Game mode
Random Map
Map size
Normal (6 player)
Population
200
Speed
Normal
Resources
Standard
Victory
Conquest
Starting age
Dark Age
Ending age
Imperial Age
RankedLock teamsTeams togetherTeam positionsShared explorationLock speedFull tech treeHidden civsTurbo modeCheats
Victory
Defeat
🇫🇷 Celts · France
818
+15
🇪🇸 Ethiopians · Spain
813
+16
🇵🇹 Lithuanians · Portugal
806
+16
🇺🇸 Italians · United States
847
-18
🇮🇹 Portuguese · Italy
843
-17
🇮🇳 Britons · India
725
-12
Zbar
0:27 Loom
13:17 Feudal Age
14:21 Town Watch
14:33 Town Watch
20:26 Castle Age
19:16 Horse Collar
19:24 Double-Bit Axe
30:12 Wheelbarrow
29:48 Gold Mining
29:49 Stone Mining
32:16 Stronghold
32:23 Gambesons
32:26 Arson
36:33 Imperial Age
34:21 Hand Cart
35:28 Forging
36:15 Scale Mail Armor
36:36 Husbandry
37:02 Ballistics
37:04 Heavy Plow
38:14 Conscription
39:09 Iron Casting
38:49 Chain Mail Armor
38:46 Elite Woad Raider
41:02 Blast Furnace
40:44 Gold Shaft Mining
40:23 Bow Saw
42:28 Plate Mail Armor
aitorpevi
12:43 Feudal Age
14:32 Double-Bit Axe
17:39 Castle Age
16:17 Horse Collar
17:44 Wheelbarrow
17:05 Gold Mining
19:12 Loom
19:19 Town Watch
25:52 Fletching
26:03 Padded Archer Armor
26:06 Scale Mail Armor
26:17 Forging
28:06 Crossbowman
28:53 Bodkin Arrow
29:14 Leather Archer Armor
29:55 Ballistics
29:31 Murder Holes
31:27 Thumb Ring
33:58 Iron Casting
33:39 Chain Mail Armor
38:08 Imperial Age
38:54 Torsion Engines
39:58 Gold Shaft Mining
40:19 Royal Heirs
Anduril
10:34 Feudal Age
15:04 Castle Age
13:15 Double-Bit Axe
13:55 Horse Collar
20:26 Bow Saw
20:17 Heavy Plow
22:40 Fervor
23:41 Scale Barding Armor
23:47 Forging
23:56 Gold Mining
28:11 Chain Barding Armor
28:27 Iron Casting
28:18 Redemption
30:06 Iron Casting
29:55 Town Watch
30:22 Bloodlines
30:33 Husbandry
34:21 Imperial Age
31:57 Town Patrol
32:41 Wheelbarrow
33:04 Stone Mining
34:49 Hand Cart
34:26 Cavalier
35:44 Plate Barding Armor
35:16 Elite Leitis
36:48 Paladin
39:42 Caravan
Dardiburg
20:55 Feudal Age
26:09 Wheelbarrow
kunj2020
2:06 Loom
13:36 Feudal Age
13:59 Horse Collar
15:21 Double-Bit Axe
18:51 Castle Age
21:02 Heavy Plow
27:38 Fletching
27:49 Scale Mail Armor
27:46 Gold Mining
30:40 Bodkin Arrow
31:09 Chain Mail Armor
32:14 Forging
32:05 Padded Archer Armor
32:53 Gold Shaft Mining
32:20 Town Watch
33:11 Wheelbarrow
32:39 Man-at-Arms
33:05 Gambesons
34:21 Iron Casting
33:20 Long Swordsman
34:20 Pikeman
38:22 Yeomen
tstien40
0:44 Loom
12:07 Feudal Age
12:32 Horse Collar
19:03 Castle Age
17:57 Double-Bit Axe
23:46 Heavy Plow
25:51 Thumb Ring
31:26 Imperial Age
28:52 Fletching
29:15 Pikeman
29:23 Elite Skirmisher
30:04 Bodkin Arrow
30:10 Padded Archer Armor
31:06 Squires
30:52 Arson
31:30 Ballistics
31:09 Murder Holes
31:33 Leather Archer Armor
31:28 Forging
31:20 Scale Mail Armor
31:58 Masonry
31:29 Treadmill Crane
32:39 Conscription
33:12 Gold Mining
33:14 Stone Mining
34:03 Wheelbarrow
34:22 Bracer
35:27 Chemistry
36:05 Ring Archer Armor
35:51 Chain Mail Armor
36:12 Iron Casting
36:40 Hand Cart
38:20 Plate Mail Armor
Connection lost

Rejoining the realm…

Still unreachable

The connection could not be restored.

Session expired

The server has moved on; the page needs a fresh start.